 Dungeon Crawl Stone Soup version 0.31-a0-819-gf6de2f5ab6 (webtiles) character file.

Game seed: 18426173543859924357

81 miscthings the Fighter (level 4, -3/48 HPs)
             Began as a Gnoll Wanderer on Sept 24, 2023.
             Succumbed to Crazy Yiuf's poison
             ... on level 2 of the Dungeon.
             The game lasted 00:02:36 (1458 turns).

miscthings the Fighter (Gnoll Wanderer)             Turns: 1458, Time: 00:02:37

Health: -3/48      AC:  7    Str: 14    XL:     4   Next: 42%
Magic:  6/6        EV:  9    Int:  9    God:
Gold:   75         SH:  0    Dex: 13    Spells: 5/5 levels left

rFire   + . .        a - +3 sling
rCold   + . .        (no shield)
rNeg    . . .        m - +0 scale mail
rPois   +            j - +0 helmet
rElec   +            (no cloak)
rCorr   +            (no gloves)
SInv    .            (no boots)
Will    .....        (no amulet)
Stlth   +            (no ring)
HPRegen 0.28/turn    (no ring)
MPRegen 0.10/turn

%: no passive effects
@: mighty, lethally poisoned (-3 -> -36), resistant
A: fangs 1, strong nose, distributed training
a: no special abilities


You were on level 2 of the Dungeon.
You visited 1 branch of the dungeon, and saw 2 of its levels.

You collected 75 gold pieces.

Inventory:

Hand Weapons
 a - a +3 sling (weapon)
 c - a +0 dagger
Missiles
 b - 10 boomerangs (quivered)
 i - a throwing net
Armour
 e - a +0 leather armour
 j - a +0 helmet (worn)
 m - a +0 scale mail (worn)
Scrolls
 d - 2 scrolls of fear
 g - 2 scrolls of teleportation {unknown}
 h - a scroll of silence {unknown}
 l - a scroll of enchant weapon {unknown}
 n - 2 scrolls of identify {unknown}
Potions
 k - a potion of degeneration {unknown}
 o - a potion of berserk rage {unknown}


   Skills:
 + Level 10.4 Fighting
 + Level 1.1 Short Blades
 + Level 1.1 Long Blades
 + Level 1.1 Axes
 + Level 1.1 Maces & Flails
 + Level 1.1 Polearms
 + Level 1.1 Staves
 + Level 4.6 Ranged Weapons
 + Level 2.7 Throwing
 + Level 1.1 Armour
 + Level 1.1 Dodging
 + Level 2.5 Stealth
 + Level 1.1 Shields
 + Level 1.1 Unarmed Combat
 + Level 1.1 Spellcasting
 + Level 0.9 Conjurations
 + Level 0.9 Hexes
 + Level 0.9 Summonings
 + Level 0.9 Necromancy
 + Level 0.9 Translocations
 + Level 0.9 Transmutations
 + Level 0.9 Fire Magic
 + Level 0.9 Ice Magic
 + Level 0.9 Air Magic
 + Level 0.9 Earth Magic
 + Level 0.9 Poison Magic
 + Level 2.8 Invocations
 + Level 1.1 Evocations
 + Level 1.0 Shapeshifting


You had 5 spell levels left.
You didn't know any spells.
Your spell library contained the following spells:

 Spells                   Type           Power      Damage    Failure   Level
 Passage of Golubria      Tloc           2%         N/A       100%        4
 Silence                  Hex/Air        1%         N/A       100%        5
 Lehudib's Crystal Spear  Conj/Erth      1%         10d2      100%        8


Dungeon Overview and Level Annotations

Branches:
Dungeon (2/15)

Altars:

Annotations:
D:2 Crazy Yiuf


Innate Abilities, Weirdness & Mutations

You have very sharp teeth.
Your uncanny sense of smell can sniff out nearby items.
Your experience applies equally to all skills.


Message History

Throw: 10 boomerangs
Press: ? - help, Q - select action, (/) - cycle Shift-Dir - straight line, f/p - Crazy Yiuf
Aim: Crazy Yiuf, wielding a +3 quarterstaff of chaos and wearing a +0 cloak (lightly wounded, entangled in a net, 93% to hit)
You throw a boomerang.
The boomerang hits Crazy Yiuf but does no damage.
Crazy Yiuf is lightly wounded.
Crazy Yiuf struggles against the net.
You shoot a sling bullet. The sling bullet hits Crazy Yiuf.
Crazy Yiuf is lightly wounded.
Crazy Yiuf struggles against the net.
Crazy Yiuf screams, "Scoff Orb Guardian forty-two!"
Crazy Yiuf struggles against the net.
The net rips apart, and Crazy Yiuf comes free!
You shoot a sling bullet. The sling bullet hits Crazy Yiuf!
Crazy Yiuf is heavily wounded.
Crazy Yiuf hits you with a +3 quarterstaff of chaos.
You feel very mighty all of a sudden.
You shoot a sling bullet. The sling bullet hits Crazy Yiuf.
Crazy Yiuf is almost dead.
Crazy Yiuf hits you with a +3 quarterstaff of chaos!
Crazy Yiuf freezes you.
You shoot a sling bullet.
The sling bullet completely misses Crazy Yiuf.
Crazy Yiuf cries, "Goober Orb Guardian sing-song!"
Crazy Yiuf hits you with a +3 quarterstaff of chaos!
You are poisoned.
Crazy Yiuf says, "Gum arm alas!"
Crazy Yiuf closely misses you.
You are too injured to fight recklessly!
Throw: 10 boomerangs
Press: ? - help, Q - select action, (/) - cycle Shift-Dir - straight line, f/p - Crazy Yiuf
Aim: Crazy Yiuf, wielding a +3 quarterstaff of chaos and wearing a +0 cloak (almost dead, 65% to hit)
You throw a boomerang. The boomerang barely misses Crazy Yiuf.
You feel very sick.
Crazy Yiuf hits you with a +3 quarterstaff of chaos!
* * * LOW HITPOINT WARNING * * *
You are more poisoned.
It was a potion of resistance.
You feel protected.
You die...

#....# ##.#
#######
#....#
##.######
♣P.PP♣
#.......#
♣♣...♣
#######.####
♣♣.♣♣ #.....
♣♣.♣
###########
♣.♣♣
#..........
♣♣.♣
#..........
♣@♣♣
#..########
#g# #..# ...
#..# #...#
#..# #)..#
#..# #####
#####
##..###...##
#.#.##.....#
###
####........
#.####
#.#.#.....#.


You could see Crazy Yiuf.

Vanquished Creatures
  Robin (D:2)
  3 adders (D:2)
  A ball python (D:1)
  6 endoplasms
  4 giant cockroaches
  9 goblins
  6 hobgoblins (D:2)
  A quokka (D:1)
  2 bats (D:1)
  A frilled lizard (D:1)
  A kobold (D:1)
  4 rats (D:1)
39 creatures vanquished.

Notes
Turn   | Place    | Note
-------+----------+-------------------------------------------
     0 | D:1      | Reached skill level 10 in Fighting
     0 | D:1      | miscthings the Gnoll Wanderer began the quest for the Orb.
     0 | D:1      | miscthings set off with the following items: a +3 sling, 10
                  | boomerangs, a +0 dagger, a scroll of fear, a +0 leather
                  | armour.
     0 | D:1      | Reached XP level 1. HP: 29/29 MP: 2/2
   173 | D:1      | Reached XP level 2. HP: 36/36 MP: 3/3
   706 | D:2      | Noticed Robin
   710 | D:2      | Reached XP level 3. HP: 42/42 MP: 4/4
   719 | D:2      | Killed Robin
   749 | D:2      | Reached skill level 1 in Short Blades
   749 | D:2      | Reached skill level 1 in Long Blades
   749 | D:2      | Reached skill level 1 in Axes
   749 | D:2      | Reached skill level 1 in Maces & Flails
   749 | D:2      | Reached skill level 1 in Polearms
   749 | D:2      | Reached skill level 1 in Staves
   749 | D:2      | Reached skill level 1 in Armour
   749 | D:2      | Reached skill level 1 in Dodging
   749 | D:2      | Reached skill level 1 in Shields
   749 | D:2      | Reached skill level 1 in Unarmed Combat
   749 | D:2      | Reached skill level 1 in Spellcasting
   749 | D:2      | Reached skill level 1 in Evocations
   762 | D:2      | Reached skill level 1 in Shapeshifting
   762 | D:2      | Reached XP level 4. HP: 46/48 MP: 6/6
  1445 | D:2      | Found a runed translucent door.
  1446 | D:2      | Noticed Crazy Yiuf
  1458 | D:2      | Succumbed to Crazy Yiuf's poison

Illustrated notes

Levels and vault maps discovered:
D:1:      kennysheep_arrival_forest, layout_loops_ring
D:2:      layout_loops_ring, minmay_tetromino_l2, uniq_crazy_yiuf_cottage,
          uniq_robin

Skill      XL: |  1  2  3 |
---------------+----------+-----
Fighting       | | 10.4
Short Blades   | 1 |  1.1
Long Blades    | 1 |  1.1
Axes           | 1 |  1.1
Maces & Flails | 1 |  1.1
Polearms       | 1 |  1.1
Staves         | 1 |  1.1
Armour         | 1 |  1.1
Dodging        | 1 |  1.1
Shields        | 1 |  1.1
Unarmed Combat | 1 |  1.1
Spellcasting   | 1 |  1.1
Evocations     | 1 |  1.1
Shapeshifting  | 1 |  1.0
Ranged Weapons | |  4.6
Throwing       | |  2.7
Stealth        | |  2.5
Conjurations   | |  0.9
Hexes          | |  0.9
Summonings     | |  0.9
Necromancy     | |  0.9
Translocations | |  0.9
Transmutations | |  0.9
Fire Magic     | |  0.9
Ice Magic      | |  0.9
Air Magic      | |  0.9
Earth Magic    | |  0.9
Poison Magic   | |  0.9
Invocations    | |  2.8

Action                     |  1- 3 |  4- 6 || total
---------------------------+-------+-------++-------
   Fire: Sling             |    71 |    25 ||    96
  Throw: Boomerang         |       |     3 ||     3
         Throwing net      |       |     1 ||     1
    Use: Potion            |       |     1 ||     1
 Armour: Leather armour    |    13 |       ||    13
         Scale mail        |       |     9 ||     9
  Dodge: Dodged            |    12 |     3 ||    15

Table legend: (Time is in decaauts)
 A = Elapsed time spent in this place.
 B = Non-inter-level travel time spent in this place.
 C = Inter-level travel time spent in this place.
 D = Time resting spent in this place.
 E = Time spent auto-exploring this place.
 F = Levels seen in this place.
 G = Mean time per level.
                   A        B        C        D        E       F      G
               +--------+--------+--------+--------+--------+-----+--------+
         Total |   1482 |   1426 |     56 |      0 |   1191 |   2 |  741.0 |
       Dungeon |   1482 |   1426 |     56 |      0 |   1191 |   2 |  741.0 |
               +--------+--------+--------+--------+--------+-----+--------+

Top non-repeatable levels by time:
     D:2: 793 daAuts
     D:1: 688 daAuts
